 Dungeon Crawl Stone Soup version 0.31-a0-700-gf135852 (webtiles) character file.

Game seed: 11844832051844842128

82282 Dorkslayer the Severer (level 15, 0/134 HPs)
             Began as a Hill Orc Fighter on Sept 7, 2023.
             Was an Initiate of Gozag.
             Killed from afar by an ice dragon (51 damage)
             ... with a blast of cold
             ... on level 3 of the Lair of Beasts.
             The game lasted 01:23:30 (22025 turns).

Dorkslayer the Severer (Hill Orc Fighter)          Turns: 22025, Time: 01:23:31

Health: 0/134      AC: 26    Str: 27    XL:     15   Next: 73%
Magic:  24/24      EV: 17    Int: 10    God:    Gozag
Gold:   2790       SH: 20    Dex: 16    Spells: 14/14 levels left

rFire   + . .        c - +3 war axe (elec)
rCold   x . .        K - +2 kite shield
rNeg    + . .        v - +5 plate armour of Grace {rF+ Will+ MP+9}
rPois   +            D - +2 helmet {SInv}
rElec   .            B - +0 cloak
rCorr   .            w - +0 pair of gloves
SInv    +            (no boots)
Will    ++...        J - amulet of reflection Stlth
                     e - +5 ring of evasion
HPRegen 0.42/turn    o - ring "Ineicidd" {rPois rC- rN+ Int+2 Dex+6}
MPRegen 0.19/turn

%: reflection
@: gold aura, studying 2 skills
A: no striking features
a: Renounce Religion, Potion Petition, Call Merchant, Bribe Branch


You were on level 3 of the Lair of Beasts.
You worshipped Gozag.
Gozag was most pleased with you.
You visited 4 branches of the dungeon, and saw 22 of its levels.

You collected 7194 gold pieces.
You spent 2750 gold pieces at shops.
You paid 1654 gold pieces to Gozag.

Inventory:

Hand Weapons
 c - a +3 war axe of electrocution (weapon)
 n - a +2 spectral war axe
Missiles
 p - 2 throwing nets
 u - 9 silver javelins
 F - 24 boomerangs (quivered)
 H - 20 javelins
Armour
 v - the +5 plate armour of Grace (worn) {rF+ Will+ MP+9}
   (You bought it in a shop on level 12 of the Dungeon)

   rF+:       It protects you from fire.
   Will+:     It increases your willpower.
   MP+9:      It affects your magic capacity (+9).
 w - a +0 pair of gloves (worn)
 B - a +0 cloak (worn)
 D - a +2 helmet of see invisible (worn)
 K - a +2 kite shield (worn)
Jewellery
 e - a +5 ring of evasion (left hand)
 l - a ring of see invisible
 o - the ring "Ineicidd" (right hand) {rPois rC- rN+ Int+2 Dex+6}
   (You bought it in a shop on level 2 of the Orcish Mines)

   [ring of positive energy]

   Int+2:     It affects your intelligence (+2).
   Dex+6:     It affects your dexterity (+6).
   rC-:       It makes you vulnerable to cold.
   rPois:     It protects you from poison rN+: It protects you from negative
   energy.
 x - a ring of flight
 J - an amulet of reflection (around neck)
Wands
 d - a wand of charming (35)
 m - a wand of iceblast (3)
 M - a wand of polymorph (15)
Scrolls
 a - a scroll of enchant armour
 i - 4 scrolls of fog
 s - 14 scrolls of teleportation
 z - 3 scrolls of immolation
 A - 10 scrolls of identify
 C - 5 scrolls of poison
 G - 2 scrolls of fear
 I - 9 scrolls of blinking
Potions
 b - 5 potions of curing
 f - 2 potions of enlightenment
 g - 2 potions of magic
 h - 5 potions of lignification
 j - 6 potions of brilliance
 k - 6 potions of ambrosia
 q - a potion of mutation
 r - 2 potions of haste
 t - 4 potions of might
 E - 5 potions of berserk rage
 L - a potion of heal wounds
 N - a potion of attraction
 O - a potion of cancellation
 P - a potion of invisibility


   Skills:
 + Level 12.9 Fighting
 + Level 17.7 Axes
 + Level 1.7 Throwing
 + Level 11.3 Armour
 * Level 10.0 Dodging
 + Level 2.8 Stealth
 + Level 13.0 Shields
 * Level 14.1 Evocations


You had 14 spell levels left.
You didn't know any spells.
Your spell library contained the following spells:

 Spells                   Type           Power      Damage    Failure   Level
 Slow                     Hex            0%         N/A       99%         1
 Ensorcelled Hibernation  Hex/Ice        0%         N/A       100%        2
 Jinxbite                 Hex            0%         N/A       100%        2
 Passwall                 Tmut/Erth      0%         N/A       100%        2
 Poisonous Vapours        Pois/Air       0%         N/A       100%        2
 Confusing Touch          Hex            0%         N/A       100%        3
 Mephitic Cloud           Conj/Pois/Air  0%         N/A       100%        3
 Sigil of Binding         Hex            0%         N/A       100%        3
 Stone Arrow              Conj/Erth      0%         3d7       100%        3
 Summon Guardian Golem    Hex/Summ       0%         N/A       100%        3
 Swiftness                Air            0%         N/A       100%        3
 Vampiric Draining        Necr           0%         2d6       100%        3
 Volatile Blastmotes      Fire/Tloc      0%         2d10      100%        3
 Anguish                  Hex/Necr       0%         N/A       100%        4
 Animate Armour           Summ/Erth      0%         N/A       100%        4
 Fulminant Prism          Conj/Hex       0%         3d5       100%        4
 Iskenderun's Mystic Bla  Conj/Tloc      0%         2d3       100%        4
 Freezing Cloud           Conj/Ice/Air   0%         6-21      100%        5
 Orb of Destruction       Conj           0%         9d5       100%        7
 Ozocubu's Refrigeration  Ice            0%         4d7       100%        7
 Spellforged Servitor     Conj/Summ      0%         N/A       100%        7
 Lehudib's Crystal Spear  Conj/Erth      0%         10d2      100%        8
 Polar Vortex             Ice            0%         N/A       100%        9
 Simulacrum               Ice/Necr       Unusable   N/A       N/A         6

Dungeon Overview and Level Annotations

Branches:
Dungeon (15/15)            Temple (1/1) D:4            Lair (4/5) D:11
  Swamp (0/4) Lair:2        Snake (0/4) Lair:2        Slime (0/5) Lair:4
    Orc (2/2) D:11            Elf (0/3) Orc:2        Vaults (0/5) D:14
 Depths (0/4) D:15

Altars:
Ashenzari
Cheibriados
Dithmenos
Elyvilon
Fedhas
Gozag
Hepliaklqana
Kikubaaqudgha
Makhleb
Nemelex Xobeh
Okawaru
Qazlal
Ru
Sif Muna
Trog
Uskayaw
Vehumet
Wu Jian
Xom
Yredelemnul
Zin
The Shining One

Shops:
D:4 ?   D:12 [   D:14 [[   Orc:2 *?=(

Portals:
Pandemonium: Orc:2

Annotations:
D:5 1 runed translucent door, Wizard1ke's ghost, novice OgBe
D:12 exclusion: obsidian statue


Message History

The blast of cold hits you!!!
You feel a terrible chill!
You barely miss the spark wasp.
The spark wasp is severely wounded.
You hit the ice dragon but do no damage.
The spark wasp stings you but does no damage.
You block the ice dragon's attack. The ice dragon closely misses you.
You block the ice dragon's attack.
The spark wasp stings you but does no damage.
You barely miss the spark wasp.
The spark wasp is heavily wounded.
You hit the ice dragon.
The polar bear is no longer distracted by gold.
The spark wasp is distracted by your dazzling golden aura.
The ice dragon is distracted by your dazzling golden aura.
Unknown command.
You hit the spark wasp but do no damage.
The spark wasp is no longer distracted by gold.
The spark wasp is heavily wounded.
You hit the ice dragon.
The ice dragon is no longer distracted by gold.
The spark wasp stings you but does no damage.
Unknown command.
You slash the spark wasp!
The spark wasp is severely wounded.
You slash the ice dragon!
The yak is no longer distracted by gold.
You block the ice dragon's attack. The ice dragon barely misses you. x2
The spark wasp is distracted by your dazzling golden aura.
The spark wasp buzzes angrily.
You hit the spark wasp.
The spark wasp is no longer distracted by gold.
The spark wasp is severely wounded.
You hit the ice dragon.
Lightning courses through the ice dragon!!
The spark wasp barely misses you.
The yak is distracted by your dazzling golden aura.
The ice dragon breathes frost at you. The blast of cold hits you!!!
You feel a terrible chill!
You die...
Your body crumbles into a pile of gold.
P....... #....... #....... #....... # #.......
P#P

#......
.P.###### #.....
.......####
#.....
#..$..##@#
####..
#....#y#DYh....
##.
##.....####Y#...
## ##.....## #
#####.
###.#....# ####
##.P#.#
.........##....#
####......
#.###.........#
#......... #
#.........#
#........
#.........#
##........


You could see an ice dragon (catching breath), a spark wasp, a polar bear and 2
yaks.

Vanquished Creatures
  Rupert (D:15)
  Agnes (D:15)
  Nessos (D:15)
  Snorg (Orc:2)
  Josephine (Orc:2)
  Erolcha (D:12)
  A demonspawn (Orc:2)
  An ogre mage (D:15)
  A boulder beetle (D:14)
  6 centaur warriors
  5 death yaks (Lair:3)
  7 two-headed ogres
  2 tengu warriors (D:13)
  8 orc high priests
  A flayed ghost (D:11)
  A wizard (D:14)
  7 orc knights (Orc:2)
  2 necromancers
  Pikel (D:5)
  3 deep elf pyromancers
  An oklob plant (Lair:4)
  12 ugly things
  9 orc sorcerers
  3 cyclopes (D:15)
  2 manticores
  2 centaur zombies
  6 elephants (Lair:4)
  A smoke demon (Orc:2)
  Maurice (D:12)
  3 gargoyles
  2 cane toads (Lair:2)
  A centaur skeleton (D:15)
  Jeremiah (Lair:1)
  2 kobold demonologists
  12 komodo dragons
  3 efreet (D:15)
  A queen bee (D:11)
  8 trolls
  4 polar bears
  A tyrant leech (Lair:2)
  13 blink frogs
  2 hornets (D:10)
  Sigmund (D:5)
  4 slime creatures (D:12)
  6 shadows
  A centaur simulacrum (D:15)
  34 yaks
  2 vampires
  Eustachio (D:5)
  10 wraiths
  7 basilisks
  7 wyverns
  A fire bat (D:11)
  3 steam dragons
  3 wargs
  A swamp worm (Lair:2)
  An acid dragon (D:9)
  4 nagas (Lair:2)
  10 water moccasins
  Duvessa (D:5)
  5 sky beasts
  A black bear (D:4)
  37 orc warriors
  5 ice beasts
  7 ogres
  17 wolves
  15 centaurs
  5 boggarts (D:15)
  9 kobold brigands
  8 bullfrogs
  6 scorpions
  A gnoll sergeant (D:6)
  12 wights (D:8)
  Dowan (D:5)
  33 killer bees
  4 electric eels
  5 howler monkeys
  30 orc priests
  5 hounds
  An iguana (D:5)
  A sleepcap (D:6)
  18 orc wizards
  A howler monkey zombie (D:10)
  10 adders
  20 gnolls
  A shadow imp (D:6)
  3 white imps (D:7)
  An ufetubus (D:7)
  2 worms
  2 dart slugs
  78 orcs
  14 bats
  5 endoplasms
  7 giant cockroaches
  6 goblins
  4 hobgoblins
  37 kobolds
  4 quokkas
  9 ball pythons
  4 frilled lizards (D:1)
  9 rats
682 creatures vanquished.

Vanquished Creatures (collateral kills)
  A warg (Orc:2)
  3 orc warriors (Orc:2)
  An orc priest (D:7)
  2 orcs (Orc:2)
7 creatures vanquished.

Vanquished Creatures (others)
  An orc priest (Orc:2)
  An orc wizard (D:7)
2 creatures vanquished.

Grand Total: 691 creatures vanquished

Notes
Turn   | Place    | Note
-------+----------+-------------------------------------------
     0 | D:1      | Dorkslayer the Hill Orc Fighter began the quest for the
                  | Orb.
     0 | D:1      | Reached XP level 1. HP: 19/19 MP: 1/1
    92 | D:1      | Reached XP level 2. HP: 26/27 MP: 2/2
   403 | D:1      | Reached skill level 3 in Axes
   403 | D:1      | Reached XP level 3. HP: 28/33 MP: 3/3
  1128 | D:2      | Reached skill level 4 in Axes
  1128 | D:2      | Reached XP level 4. HP: 32/40 MP: 4/4
  1718 | D:3      | Identified the +2 hand axe of Gozag's Condemnation {venom,
                  | rN+ Int+2}
  1896 | D:3      | Reached skill level 1 in Dodging
  2347 | D:3      | Found a hide-covered altar of Uskayaw.
  2704 | D:4      | Found Girghocvo's Magic Scroll Boutique.
  2709 | D:4      | Reached XP level 5. HP: 46/46 MP: 5/5
  2742 | D:4      | Bought a scroll of identify for 20 gold pieces
  2742 | D:4      | Bought a scroll of teleportation for 30 gold pieces
  2742 | D:4      | Bought a scroll of amnesia for 40 gold pieces
  2947 | D:4      | Noticed a black bear
  2977 | D:4      | Killed a black bear
  2978 | D:4      | Reached skill level 5 in Axes
  2978 | D:4      | Reached XP level 6. HP: 28/53 MP: 6/6
  3271 | D:4      | Found a staircase to the Ecumenical Temple.
  3280 | Temple   | Entered the Ecumenical Temple
  3303 | Temple   | Became a worshipper of Gozag Ym Sagoz the Greedy
  3415 | D:4      | Reached XP level 7. HP: 35/60 MP: 7/7
  3560 | D:4      | Found an iron altar of Okawaru.
  3644 | D:4      | Reached skill level 6 in Axes
  3930 | D:5      | Entered Level 5 of the Dungeon
  3930 | D:5      | Noticed Sigmund
  3938 | D:5      | Killed Sigmund
  3939 | D:5      | Reached skill level 5 in Fighting
  3939 | D:5      | Reached skill level 5 in Armour
  3958 | D:5      | Reached skill level 7 in Axes
  3958 | D:5      | Reached XP level 8. HP: 47/68 MP: 8/8
  4117 | D:5      | Found a runed translucent door.
  4117 | D:5      | Noticed Wizard1ke's ghost (novice OgBe)
  4138 | D:5      | Noticed Duvessa
  4140 | D:5      | Noticed Dowan
  4152 | D:5      | Killed Duvessa
  4161 | D:5      | Killed Dowan
  4318 | D:5      | Reached skill level 8 in Axes
  4443 | D:5      | Noticed Pikel
  4459 | D:5      | Killed Pikel
  4460 | D:5      | Reached skill level 9 in Axes
  4571 | D:5      | Reached skill level 5 in Shields
  4571 | D:5      | Reached XP level 9. HP: 53/75 MP: 9/9
  4902 | D:5      | Noticed Eustachio
  4934 | D:5      | Killed Eustachio
  5011 | D:6      | Reached skill level 10 in Axes
  5585 | D:6      | Found a hazy altar of Hepliaklqana.
  5585 | D:6      | Found a burning altar of Makhleb.
  5654 | D:6      | Reached skill level 11 in Axes
  6092 | D:7      | Noticed a gargoyle
  6106 | D:7      | Reached skill level 5 in Dodging
  6106 | D:7      | Reached skill level 1 in Stealth
  6115 | D:7      | Reached XP level 10. HP: 84/84 MP: 10/10
  6136 | D:7      | Killed a gargoyle
  6368 | D:7      | Reached skill level 12 in Axes
  6538 | D:7      | Reached skill level 1 in Evocations
  6875 | D:7      | Found a sacrificial altar of Ru.
  7568 | D:8      | Found a blossoming altar of Fedhas.
  7578 | D:8      | Found a snail-covered altar of Cheibriados.
  7837 | D:8      | Reached skill level 13 in Axes
  7857 | D:8      | Noticed a two-headed ogre
  7868 | D:8      | Killed a two-headed ogre
  7869 | D:8      | Reached XP level 11. HP: 92/92 MP: 11/11
  7929 | D:8      | Reached skill level 5 in Evocations
  8137 | D:8      | Found a stormy altar of Qazlal.
  8750 | D:4      | Bought a scroll of blinking for 75 gold pieces
  8750 | D:4      | Bought a scroll of identify for 20 gold pieces
  8750 | D:4      | Bought a scroll of identify for 20 gold pieces
  8750 | D:4      | Bought a scroll of blinking for 75 gold pieces
  8750 | D:4      | Bought a scroll of poison for 40 gold pieces
  9722 | D:10     | Entered Level 10 of the Dungeon
  9861 | D:10     | Reached skill level 14 in Axes
  9867 | D:10     | Noticed a sixfirhy
  9983 | D:10     | Found a bloodstained altar of Trog.
 10343 | D:10     | Found a basalt altar of Yredelemnul.
 10570 | D:11     | Found a staircase to the Orcish Mines.
 10786 | D:11     | Noticed a manticore
 10793 | D:11     | Killed a manticore
 10847 | D:11     | Found a staircase to the Lair.
 10875 | D:11     | Noticed a two-headed ogre
 10881 | D:11     | Killed a two-headed ogre
 10882 | D:11     | Reached XP level 12. HP: 88/103 MP: 12/12
 11121 | D:11     | Noticed a two-headed ogre
 11129 | D:11     | Killed a two-headed ogre
 11378 | D:11     | Found an opulent altar of Gozag.
 11428 | D:11     | Found a broken altar of Ashenzari.
 11437 | D:11     | Found a radiant altar of Vehumet.
 11438 | D:11     | Found a runed translucent door.
 11505 | D:11     | Identified the +8 quarterstaff of the Lurker {elec, rElec
                  | rC+ Will+}
 11568 | D:11     | Found an ornate altar of the Wu Jian Council.
 11577 | D:11     | Found a glowing golden altar of the Shining One.
 11597 | D:11     | Found a hide-covered altar of Uskayaw.
 11668 | Orc:1    | Entered Level 1 of the Orcish Mines
 11851 | Orc:1    | Noticed an orc high priest
 11861 | Orc:1    | Killed an orc high priest
 11862 | Orc:1    | Reached skill level 15 in Axes
 11977 | Orc:1    | Identified the +3 dagger of the Genius {vamp, +Blink}
 12046 | Orc:2    | Entered Level 2 of the Orcish Mines
 12525 | Orc:2    | Noticed Josephine
 12547 | Orc:2    | Killed Josephine
 12825 | Orc:2    | Noticed Snorg
 12847 | Orc:2    | Killed Snorg
 12888 | Orc:2    | Reached XP level 13. HP: 53/111 MP: 13/13
 12922 | Orc:2    | Found a staircase to the Elven Halls.
 13177 | Orc:2    | Found Raneugag's Magic Scroll Shop.
 13234 | Orc:2    | Reached skill level 1 in Throwing
 13294 | Orc:2    | Found Fuowuezi's General Store.
 13370 | Orc:2    | Reached skill level 10 in Evocations
 13391 | Orc:2    | Reached skill level 16 in Axes
 13603 | Orc:2    | Reached skill level 10 in Shields
 13923 | Orc:2    | Bought a scroll of immolation for 52 gold pieces
 13925 | Orc:2    | Bought a scroll of enchant armour for 97 gold pieces
 13925 | Orc:2    | Bought a scroll of enchant armour for 97 gold pieces
 14004 | Orc:2    | Reached skill level 10 in Fighting
 14057 | Orc:2    | Found Dedem's Antique Weapon Shoppe.
 14057 | Orc:2    | Found a one-way gate leading to the halls of Pandemonium.
 14057 | Orc:2    | Found Butum's Jewellery Emporium.
 14064 | Orc:2    | Bought the ring "Ineicidd" {rPois rC- rN+ Int+2 Dex+6} for
                  | 533 gold pieces
 14384 | D:12     | Found Conorr's Armour Emporium.
 14402 | D:12     | Bought the +5 plate armour of Grace {rF+ Will+ MP+9} for
                  | 1384 gold pieces
 14404 | D:12     | Bought a +0 cloak for 72 gold pieces
 14567 | D:12     | Noticed Erolcha
 14574 | D:12     | Killed Erolcha
 14620 | D:12     | Noticed Maurice
 14634 | D:12     | Reached skill level 10 in Armour
 14634 | D:12     | Killed Maurice
 14864 | D:12     | Identified the +6 long sword "Xosuati" {holy, rN+ Str+3}
 15368 | D:13     | Reached XP level 14. HP: 82/122 MP: 14/14
 16886 | D:14     | You fall into a shaft and drop 1 floor!
 16886 | D:15     | Entered Level 15 of the Dungeon
 16910 | D:15     | Noticed Rupert
 16919 | D:15     | Killed Rupert
 17069 | D:15     | Noticed Nessos
 17085 | D:15     | Killed Nessos
 17407 | D:14     | Found an ornate altar of the Wu Jian Council.
 17952 | D:14     | Found a gate to the Vaults.
 18299 | D:15     | Reached skill level 17 in Axes
 18497 | D:15     | Noticed Agnes
 18523 | D:15     | Killed Agnes
 18798 | D:15     | Found a staircase to the Depths.
 18955 | D:14     | Bought a +0 helmet of see invisible for 195 gold pieces
 19054 | Lair:1   | Entered Level 1 of the Lair of Beasts
 19077 | D:11     | Reached XP level 15. HP: 132/132 MP: 15/15
 19412 | Lair:1   | Noticed Jeremiah
 19429 | Lair:1   | Killed Jeremiah
 20250 | Lair:2   | Found a staircase to the Snake Pit.
 20818 | Lair:2   | Found a staircase to the Swamp.
 21313 | Lair:3   | You fall into a shaft and drop 1 floor!
 21396 | Lair:4   | Reached skill level 10 in Dodging
 21880 | Lair:4   | Found a staircase to the Slime Pits.
 22025 | Lair:3   | Killed from afar by an ice dragon

Illustrated notes

Levels and vault maps discovered:
D:1:      dpeg_arrival_boxorama, layout_basic, minmay_surrounded
D:2:      layout_basic, serial_glass, glass_columns_b, glass_columns_b
D:3:      layout_loops_corners, nicolae_uskayaw_suspiria,
          minmay_misc_feat_alley, st_stairs_7, roderic_serpentine_path
D:4:      layout_cave_pods, okawaru_metal_pillars_3, temple_hall, serial_shops,
          shop
D:5:      layout_loops_ring, gammafunk_ghost_grave, chequers_mini_garden,
          chequers_serial_rivers_room_b, st_stairs_11,
          amcnicky_mini_rare_corridor_liquid, minmay_fractal_squares_diagonal_5,
          uniq_sigmund, uniq_eustachio, uniq_pikel, uniq_duvessa
D:6:      layout_loops_ring, nicolae_overflow_two_pavilions
D:7:      minmay_clustersquares, layout_loops_ring,
          nicolae_overflow_crystal_walls, minmay_manual_mullet
D:8:      layout_loops_corners, mainiacjoe_overflow_24_doors,
          amethyst_overflow_temple_binary
D:9:      layout_big_octagon, kennysheep_path_1, minmay_strange_pillars,
          minmay_increasing_density
D:10:     layout_basic, trog_three_pillars_becter,
          lemuel_zombie_altar_yredelemnul, grunt_ministairs_4
D:11:     due_megacathedral, layout_basic, lair_entry_dummy, david_orc_3
D:12:     layout_loops_ring, serial_shops, shop, minmay_protected_statue,
          uniq_erolcha, uniq_maurice
D:13:     layout_loops_ring
D:14:     layout_basic, david_vaults_1, minmay_crystal_water,
          nicolae_wu_jian_wuxing_cycle
D:15:     grunt_enter_depths_magical_seal, layout_long_grid,
          hangedman_decor_riveting, uniq_agnes, uniq_rupert, uniq_nessos
Temple:   hellmonk_temple_forest_ring
Lair:1:   layout_hall_layers, special_room [special_room_bee], uniq_jeremiah
Lair:2:   layout_roguey, minmay_swamp_entry_worms, guppyfry_snake_entry_island
Lair:3:   layout_small_grid, portal_ice_cave_entry_animals_and_master,
          uniq_gastronok
Lair:4:   layout_layer_cave, slime_entry_1, dreamdust_mushroom_princess
Orc:1:    layout_diamond_mine, serial_shops, nicolae_orc_sculptors_studio
Orc:2:    pf_orc_diabolical, layout_caves, uniq_snorg, uniq_josephine

Skill      XL: |  1  2  3  4  5  6  7  8  9 10 11 12 13 14 15 |
---------------+----------------------------------------------+-----
Axes           | 3 4 5 7 9 11 13 14 15 16 17 | 17.7
Fighting       | 4 5 6 7 8 9 10 12 | 12.9
Dodging        | 1 2 3 4 5 6 7 8 9 10 | 10.0
Armour         | 4 5 6 7 8 9 10 11 | 11.3
Shields        | 4 5 6 8 9 10 12 13 | 13.0
Stealth        | 1 2 |  2.8
Evocations     | 4 7 9 11 12 14 | 14.1
Throwing       | 1 |  1.7

Action                     |  1- 3 |  4- 6 |  7- 9 | 10-12 | 13-15 || total
---------------------------+-------+-------+-------+-------+-------++-------
  Melee: War axe           |   112 |    13 |       |   641 |  1138 ||  1904
         Hand axe          |       |    85 |   326 |   140 |       ||   551
  Throw: Throwing net      |       |     1 |       |     6 |       ||     7
         Dart              |       |       |       |     6 |     7 ||    13
         Boomerang         |       |       |       |       |     8 ||     8
 Invoke: Call Merchant     |       |       |       |       |     2 ||     2
  Evoke: Wand              |       |       |       |    14 |     9 ||    23
    Use: Scroll            |     3 |     2 |     2 |    18 |     7 ||    32
         Potion            |       |       |     1 |     5 |     5 ||    11
   Stab: Distracted        |       |       |     2 |     6 |     9 ||    17
         Held in net/web   |       |       |       |     5 |       ||     5
 Armour: Scale mail        |    74 |   101 |    67 |       |       ||   242
         Chain mail        |       |       |    90 |   116 |       ||   206
         Plate armour      |       |       |       |   204 |   466 ||   670
  Dodge: Dodged            |    63 |    55 |   173 |   230 |   325 ||   846
  Block: Buckler           |    21 |    38 |    66 |    18 |       ||   143
         Kite shield       |       |       |       |   478 |   878 ||  1356
         Reflection        |       |       |       |    28 |    37 ||    65

Table legend: (Time is in decaauts)
 A = Elapsed time spent in this place.
 B = Non-inter-level travel time spent in this place.
 C = Inter-level travel time spent in this place.
 D = Time resting spent in this place.
 E = Time spent auto-exploring this place.
 F = Levels seen in this place.
 G = Mean time per level.
                   A        B        C        D        E       F      G
               +--------+--------+--------+--------+--------+-----+--------+
         Total |  21700 |  21363 |    337 |   1348 |   9547 |  22 |  986.4 |
       Dungeon |  16519 |  16183 |    336 |    620 |   8448 |  15 | 1101.3 |
        Temple |     36 |     36 |      0 |      0 |      0 |   1 |   36.0 |
          Lair |   2710 |   2710 |      0 |     23 |   1048 |   4 |  677.5 |
  Orcish Mines |   2433 |   2433 |      0 |    705 |     51 |   2 | 1216.5 |
               +--------+--------+--------+--------+--------+-----+--------+

Top non-repeatable levels by time:
    D:14: 1836 daAuts
   Orc:2: 1798 daAuts
     D:7: 1449 daAuts
     D:8: 1396 daAuts
    D:11: 1302 daAuts
     D:4: 1232 daAuts
     D:5: 1081 daAuts
     D:3: 1063 daAuts
     D:6: 1059 daAuts
    D:15: 1042 daAuts
    D:12: 921 daAuts
    D:13: 900 daAuts
  Lair:1: 878 daAuts
     D:1: 854 daAuts
    D:10: 836 daAuts
